 Dungeon Crawl Stone Soup version 0.30-a0-782-ge64f9170bb (webtiles) character file.

Game seed: 2374666095939079651

258 senseless the Grave Robber (level 5, -1/35 HPs)
             Began as a Mummy Necromancer on Mar 2, 2023.
             Slain by an orc wizard
             ... wielding a +0 dagger
              (2 damage)
             ... on level 4 of the Dungeon.
             The game lasted 00:10:39 (3608 turns).

senseless the Grave Robber (Mummy Necromancer)      Turns: 3608, Time: 00:10:40

Health: -1/35      AC:  4    Str: 11    XL:     5   Next: 94%
Magic:  8/13       EV: 12    Int: 17    God:
Gold:   160        SH:  0    Dex: 12    Spells: 11/15 levels left

rFire   . . .      SeeInvis .    j - +2 dagger (elec)
rCold   . . .      Faith    +    (no shield)
rNeg    + + +      Spirit   .    a - +0 robe
rPois   ∞          Reflect  +    d - +0 helmet
rElec   .          Harm     .    (no cloak)
rCorr   .          Rampage  .    (no gloves)
Will    .....                    o - +0 pair of boots
Stlth   +                        k - amulet of reflection
HPRegen 0.25/turn                l - ring of fire
MPRegen 0.13/turn                (no ring)

@: confused
A: cold resistance 1, negative energy resistance 3, torment resistance 2, heat
vulnerability 1, in touch with death 1, no potions, faith
a: no special abilities


You were on level 4 of the Dungeon.
You visited 1 branch of the dungeon, and saw 4 of its levels.

You collected 160 gold pieces.

Inventory:

Hand Weapons
 f - a +0 short sword
 j - a +2 dagger of electrocution (weapon)
Missiles
 e - 2 throwing nets
Armour
 a - a +0 robe (worn)
 d - a +0 helmet (worn)
 o - a +0 pair of boots (worn)
Jewellery
 k - an amulet of reflection (around neck)
 l - a ring of fire (left hand)
Wands
 h - a wand of charming (6)
 i - a wand of polymorph (8)
Scrolls
 b - a scroll of fear {unknown}
 c - a scroll of torment
 g - 2 scrolls of fog {unknown}
 n - a scroll of magic mapping
Miscellaneous
 m - a piece from Xom's chessboard (15/15)


   Skills:
 + Level 1.6 Dodging
 + Level 1.6 Stealth
 + Level 5.6 Spellcasting
 + Level 5.8 Necromancy


You had 11 spell levels left.
You knew the following spells:

 Your Spells              Type           Power      Damage    Failure   Level
a - Necrotise             Necr           100%       1d9       1%          1
b - Vampiric Draining     Necr           37%        2d8       3%          3

Your spell library contained the following spells:

 Spells                   Type           Power      Damage    Failure   Level
 Animate Dead             Necr           37%        N/A       12%         4
 Magic Dart               Conj           16%        1d3       14%         1
 Call Imp                 Summ           4%         N/A       21%         2
 Ensorcelled Hibernation  Hex/Ice        8%         N/A       21%         2
 Passwall                 Tmut/Erth      3%         N/A       21%         2
 Agony                    Necr           37%        N/A       32%         5
 Mephitic Cloud           Conj/Pois/Air  4%         N/A       38%         3
 Swiftness                Air            4%         N/A       38%         3


Dungeon Overview and Level Annotations

Branches:
Dungeon (4/15)
 Temple: D:4-7

Altars:
Hepliaklqana
Kikubaaqudgha
Qazlal
Xom


Innate Abilities, Weirdness & Mutations

You are immune to poison.
Your flesh is cold resistant. (rC+)
You are immune to negative energy. (rN+++)
You are immune to unholy pain and torment.
You are vulnerable to heat. (rF-)
You are in touch with the powers of death.
You do not drink.
You have a special connection with the divine. (Faith)


Message History

The magic dart hits you!
You hit something.
Reactivating autopickup.
You feel a bit more experienced. Something hits you.
Deactivating autopickup; reactivate with Ctrl-A.
You hit something.
You hear some strange, mumbled words.
A magic dart appears from out of thin air!
The magic dart hits you!
* * * LOW HITPOINT WARNING * * *
You closely miss something. You block something's attack.
You hit something. Something hits you but does no damage.
You closely miss something. Something hits you.
* * * LOW HITPOINT WARNING * * *
Casting: Necrotise (safe; 1% risk of failure)
Confirm with . or Enter, or press ? or * to list all spells.
Okay, then.
Casting: Necrotise (safe; 1% risk of failure)
Confirm with . or Enter, or press ? or * to list all spells.
Aiming: Vampiric Draining (dangerous; 3% risk of failure)
Press: ? - help, Shift-Dir - straight line You feel a surge of power!
You draw life force from something!
You feel life coursing into your body.
You hear some strange, mumbled words.
You are confused.
You're too confused to cast spells.
Something hits you but does no damage.
You bump into the rock wall.
Something hits you but does no damage.
You completely miss something.
You hear some strange, mumbled words.
A magic dart appears from out of thin air!
The magic dart hits you.
* * * LOW HITPOINT WARNING * * *
You bump into the rock wall.
Something hits you.
* * * LOW HITPOINT WARNING * * *
You bump into the rock wall.
Something hits you.
* * * LOW HITPOINT WARNING * * *
You barely miss something. Something hits you.
You die...

#......# #......#
#......# #......#
#......#
####......#####
#.............#
#{##........#.###
#@##........#...#
#.##........###.#
#.##........#
#.##
#.#........##
#... ..#........#
#### ..#.o..o...#
..#..........
...##.....>...
.........


There were no monsters in sight!

Vanquished Creatures
  An ogre (D:4)
  An orc wizard (D:4)
  An iguana (D:4)
  A gnoll (D:1)
  4 adders
  A worm (D:3)
  6 orcs
  9 ball pythons
  5 bats
  4 endoplasms
  5 giant cockroaches
  6 goblins
  5 hobgoblins
  2 jackals (D:2)
  7 kobolds
  2 quokkas (D:1)
  3 frilled lizards (D:1)
  2 rats
65 creatures vanquished.

Vanquished Creatures (collateral kills)
  A dart slug (D:2)
  A goblin (D:1)
  A frilled lizard (D:1)
3 creatures vanquished.

Grand Total: 68 creatures vanquished

Notes
Turn   | Place    | Note
-------+----------+-------------------------------------------
     0 | D:1      | senseless the Mummy Necromancer began the quest for the
                  | Orb.
     0 | D:1      | Reached XP level 1. HP: 13/13 MP: 4/4
   223 | D:1      | Reached XP level 2. HP: 3/19 MP: 0/5
   813 | D:1      | Gained mutation: You are in touch with the powers of death.
                  | [Mummy growth]
   813 | D:1      | Reached XP level 3. HP: 24/24 MP: 3/7
  1483 | D:2      | Reached skill level 5 in Necromancy
  1897 | D:2      | Reached XP level 4. HP: 30/30 MP: 4/9
  2128 | D:3      | Learned a level 3 spell: Vampiric Draining
  2734 | D:3      | Found a stormy altar of Qazlal.
  2889 | D:3      | Found an ancient bone altar of Kikubaaqudgha.
  2922 | D:3      | Found a hazy altar of Hepliaklqana.
  3135 | D:4      | Noticed an ogre
  3152 | D:4      | Killed an ogre
  3153 | D:4      | Reached skill level 5 in Spellcasting
  3153 | D:4      | Reached XP level 5. HP: 35/35 MP: 1/12
  3399 | D:4      | Found a shimmering altar of Xom.
  3607 | D:4      | HP: 1/35 [something (1)]
  3608 | D:4      | Slain by an orc wizard

Illustrated notes

Levels and vault maps discovered:
D:1:      dpeg_arrival_rooms_c, layout_basic
D:2:      layout_loops_cross, minmay_small_reverse_x
D:3:      layout_loops_ring, grunt_qazlal_clouds, mainiacjoe_overflow_big_doors,
          serial_forest, infiniplex_forest_lined_corner,
          infiniplex_forest_lined_3_way, infiniplex_forest_lined_corner,
          infiniplex_forest_lined_room_2, infiniplex_forest_clump_diagonal,
          infiniplex_forest_clump_long, infiniplex_forest_clump_small,
          kennysheep_pointless_box
D:4:      layout_basic, xom_butterflies

Skill      XL: |  1  2  3  4 |
---------------+-------------+-----
Spellcasting   | 3 5 |  5.6
Necromancy     | 5 |  5.8
Dodging        | |  1.6
Stealth        | |  1.6

Action                     |  1- 3 |  4- 6 || total
---------------------------+-------+-------++-------
  Melee: Unarmed           |     3 |       ||     3
         Dagger            |       |    30 ||    30
   Cast: Necrotise         |    68 |    62 ||   130
         Vampiric Draining |       |     1 ||     1
    Use: Scroll            |     2 |     3 ||     5
 Armour: Robe              |       |     8 ||     8
  Dodge: Dodged            |     9 |     6 ||    15
  Block: Other             |       |     6 ||     6

Table legend: (Time is in decaauts)
 A = Elapsed time spent in this place.
 B = Non-inter-level travel time spent in this place.
 C = Inter-level travel time spent in this place.
 D = Time resting spent in this place.
 E = Time spent auto-exploring this place.
 F = Levels seen in this place.
 G = Mean time per level.
                   A        B        C        D        E       F      G
               +--------+--------+--------+--------+--------+-----+--------+
         Total |   3605 |   3530 |     75 |      6 |   3100 |   4 |  901.2 |
       Dungeon |   3605 |   3530 |     75 |      6 |   3100 |   4 |  901.2 |
               +--------+--------+--------+--------+--------+-----+--------+

Top non-repeatable levels by time:
     D:1: 1252 daAuts
     D:3: 964 daAuts
     D:2: 754 daAuts
     D:4: 634 daAuts
